 Dungeon Crawl Stone Soup version 0.31.0-9-g3a7656b989 (webtiles) character file.

Game seed: 10887179050742029821

2220 stipulation the Grappler (level 9, -3/70 HPs)
             Began as a Ghoul Monk on Jan 24, 2024.
             Was a Priest of Wu Jian.
             Slain by Maggie
             ... wielding a +1 long sword of flaming
              (6 damage)
             ... on level 6 of the Dungeon.
             The game lasted 00:03:17 (5188 turns).

stipulation the Grappler (Ghoul Monk)               Turns: 5188, Time: 00:03:18

Health: -3/70      AC: 14    Str: 25    XL:     9   Next: 35%
Magic:  9/9        EV:  9    Int:  9    God:    Wu Jian [***...]
Gold:   287        SH:  0    Dex: 11    Spells: 8/8 levels left

rFire   + .          .
                       - Unarmed
rCold   . . .        c - orb {light}
rNeg    + + +        F - +0 chain mail
rPois   ∞            k - +2 helmet
rElec   .            y - +0 cloak
rCorr   .            (no gloves)
SInv    .            (no boots)
Will    .....        (no amulet) Stlth
                     r - +6 ring of strength
HPRegen 0.00/turn    i - ring of fire
MPRegen 0.11/turn

%: no passive effects
@: inhibited regen, glowing
A: claws 1, cold resistance 1, negative energy resistance 3, inhibited
regeneration, torment resistance 2, devour on kill
a: Renounce Religion, Wall Jump, Serpent's Lash


You were on level 6 of the Dungeon.
You worshipped Wu Jian.
Wu Jian was most pleased with you.
You visited 2 branches of the dungeon, and saw 7 of its levels.
You also visited: Sewer.

You collected 287 gold pieces.

Inventory:

Missiles
 B - 2 throwing nets (quivered)
Armour
 c - an orb of light (worn)
 k - a +2 helmet (worn)
 y - a +0 cloak (worn)
 F - a +0 chain mail (worn)
Jewellery
 i - a ring of fire (right claw)
 r - a +6 ring of strength (left claw)
 x - a ring of protection from cold
Wands
 E - a wand of quicksilver (10)
Scrolls
 d - 4 scrolls of teleportation {unknown}
 e - 8 scrolls of identify {unknown}
 f - a scroll of revelation {unknown}
 j - 2 scrolls of vulnerability {unknown}
 m - 2 scrolls of noise {unknown}
 q - 2 scrolls of immolation {unknown}
 s - a scroll of fog {unknown}
 v - a scroll of fear {unknown}
 w - 2 scrolls of silence {unknown}
 z - a scroll of blinking {unknown}
 D - a scroll of enchant armour {unknown}
Potions
 b - 3 potions of ambrosia
 g - 3 potions of brilliance {unknown}
 h - 2 potions of mutation {unknown}
 n - 5 potions of curing {unknown}
 o - 2 potions of heal wounds {unknown}
 p - 6 potions of might {unknown}
 t - 3 potions of magic {unknown}
 u - 2 potions of haste {unknown}
 A - a potion of attraction {unknown}
 C - a potion of degeneration {unknown}


   Skills:
 - Level 3.2 Fighting
 - Level 6.0 Armour
 - Level 2.6 Dodging
 + Level 11.5 Unarmed Combat


You had 8 spell levels left.
You didn't know any spells.
Your spell library contained the following spells:

 Spells                   Type           Power      Damage    Failure   Level
 Magic Dart               Conj           0%         1d3       88%         1
 Blink                    Tloc           0%         N/A       96%         2
 Call Imp                 Summ           0%         N/A       96%         2
 Cigotuvi's Dreadful Rot  Necr/Alch/Air  0%         N/A       96%         2
 Lesser Beckoning         Tloc           0%         N/A       96%         2
 Gell's Gravitas          Tloc           0%         N/A       99%         3
 Teleport Other           Tloc           0%         N/A       99%         3
 Dispel Undead            Necr           0%         3d6       100%        4
 Martyr's Knell           Necr/Summ      0%         N/A       100%        4
 Death Channel            Necr           0%         N/A       100%        6


Dungeon Overview and Level Annotations

Branches:
Dungeon (6/15)             Temple (1/1) D:4           Sewer (visited)

Altars:
Ashenzari
Cheibriados
Dithmenos
Gozag
Hepliaklqana
Makhleb
Nemelex Xobeh
Okawaru
Qazlal
Ru
Sif Muna
Trog
Uskayaw
Vehumet
Wu Jian
Xom

Annotations:
D:6 Maggie


Innate Abilities, Weirdness & Mutations

You are immune to poison.
You have sharp fingernails.
Your flesh is cold resistant. (rC+)
You are immune to negative energy. (rN+++)
You do not regenerate when monsters are visible.
You are immune to unholy pain and torment.
You thrive by killing the living.


Message History

You are too injured to fight recklessly!
You are too injured to fight recklessly!
You are too injured to fight recklessly!
You are too injured to fight recklessly!
You are too injured to fight recklessly!
You are too injured to fight recklessly!
You are too injured to fight recklessly!
You claw Maggie!
Maggie is moderately wounded.
Maggie hits you with a +1 long sword of flaming!
Maggie burns you.
You scratch Maggie.
Maggie is moderately wounded.
Maggie gestures wildly while chanting.
Maggie attempts to bespell you! You resist with some effort.
You claw Maggie!
Maggie is severely wounded.
Maggie barely misses you.
You barely miss Maggie.
Maggie is severely wounded.
Maggie hits you with a +1 long sword of flaming.
Maggie burns you.
You scratch Maggie but do no damage.
Maggie is severely wounded.
You claw Maggie!
Maggie is severely wounded.
Maggie gestures at you while chanting. The bolt of fire hits you!!
* * * LOW HITPOINT WARNING * * *
You scratch Maggie.
Maggie is almost dead.
Maggie hits you with a +1 long sword of flaming!
* * * LOW HITPOINT WARNING * * *
Maggie burns you.
* * * LOW HITPOINT WARNING * * *
Okay, then.
You feel more attuned to fire.
i - a ring of fire (right claw) Maggie hits you with a +1 long sword of flaming.
You die...

........ ..##### #.#
#.# #.#########.#
#.# ............#
#.# ............#
#.# #..########.#
#.# ........# #.#
#5# ........# #.#
#@#
#.####.>###.####@###
#.# #..............#
#.# #.#.###.####.#.#
.. .....# #.# #.#.#
#.###.#.# #.# #.# #
#.#.# #.# #.# #.#.#
#.# #.# #.#.# #.#
#.# ... ... ..


You could see Maggie and an ufetubus.

Vanquished Creatures
  Grinder (D:5)
  Prince Ribbit (D:5)
  A yak (D:5)
  Duvessa (D:6)
  A water moccasin (D:6)
  A black bear (D:4)
  A bullfrog (D:5)
  3 scorpions (D:5)
  Dowan (D:6)
  A killer bee (D:5)
  4 howler monkeys
  4 hounds
  2 jellies
  4 orc priests (D:5)
  Crazy Yiuf (D:4)
  2 sleepcaps (D:5)
  4 iguanas (D:5)
  5 orc wizards
  3 gnolls (D:2)
  10 adders
  A shadow imp (D:5)
  A white imp (Temple)
  5 dart slugs
  4 ribbon worms
  19 orcs
  15 endoplasms
  9 giant cockroaches
  9 goblins
  7 hobgoblins
  8 jackals
  7 quokkas
  12 ball pythons
  2 bats (D:1)
  4 frilled lizards
  4 kobolds
  8 rats
166 creatures vanquished.

Notes
Turn   | Place    | Note
-------+----------+-------------------------------------------
     0 | D:1      | stipulation the Ghoul Monk began the quest for the Orb.
     0 | D:1      | Reached XP level 1. HP: 19/19 MP: 1/1
   115 | D:1      | Reached XP level 2. HP: 26/26 MP: 2/2
   197 | D:1      | Reached skill level 4 in Unarmed Combat
   807 | D:2      | Reached XP level 3. HP: 31/31 MP: 3/3
   978 | D:2      | Reached skill level 5 in Unarmed Combat
   994 | D:2      | Reached XP level 4. HP: 11/38 MP: 4/4
  1993 | D:3      | Found a glowing drain.
  2017 | Sewer    | Entered a sewer
  2032 | Sewer    | Reached skill level 6 in Unarmed Combat
  2051 | Sewer    | Reached XP level 5. HP: 44/45 MP: 5/5
  2171 | Sewer    | Found a viscous altar of Jiyva.
  2324 | D:3      | Found a faded altar of an unknown god.
  2650 | D:3      | Identified the +3 buckler "Ereuwown" {Harm rF- Dex+2}
  2869 | D:3      | Reached skill level 7 in Unarmed Combat
  3047 | D:4      | Reached XP level 6. HP: 51/51 MP: 6/6
  3082 | D:4      | Noticed a black bear
  3090 | D:4      | Killed a black bear
  3091 | D:4      | Reached skill level 1 in Armour
  3124 | D:4      | Found a staircase to the Ecumenical Temple.
  3184 | Temple   | Entered the Ecumenical Temple
  3211 | Temple   | Became a worshipper of the Wu Jian Council
  3211 | Temple   | Reached * piety under Wu Jian
  3211 | Temple   | Reached ** piety under Wu Jian
  3284 | D:4      | Found a runed translucent door.
  3285 | D:4      | Noticed Crazy Yiuf
  3471 | D:4      | Reached XP level 7. HP: 49/57 MP: 7/7
  3567 | D:4      | Found a bloodstained altar of Trog.
  3733 | D:4      | Killed Crazy Yiuf
  3826 | D:5      | Entered Level 5 of the Dungeon
  3837 | D:5      | Reached skill level 8 in Unarmed Combat
  3843 | D:5      | Noticed Prince Ribbit
  3854 | D:5      | Killed Prince Ribbit
  4078 | D:5      | Found a burning altar of Makhleb.
  4086 | D:5      | Reached XP level 8. HP: 57/63 MP: 8/8
  4131 | D:5      | Found an opulent altar of Gozag.
  4139 | D:5      | Found a hazy altar of Hepliaklqana.
  4141 | D:5      | Found a shimmering altar of Xom.
  4142 | D:5      | Found a radiant altar of Vehumet.
  4148 | D:5      | Reached skill level 9 in Unarmed Combat
  4251 | D:5      | Noticed Grinder
  4258 | D:5      | Killed Grinder
  4259 | D:5      | Reached skill level 5 in Armour
  4733 | D:5      | Noticed a yak
  4741 | D:5      | Reached *** piety under Wu Jian
  4742 | D:5      | Reached skill level 10 in Unarmed Combat
  4753 | D:5      | Killed a yak
  4754 | D:5      | Reached XP level 9. HP: 55/70 MP: 9/9
  5051 | D:6      | Reached skill level 11 in Unarmed Combat
  5076 | D:6      | Noticed Duvessa
  5076 | D:6      | Noticed Dowan
  5082 | D:6      | Killed Duvessa
  5090 | D:6      | Killed Dowan
  5179 | D:6      | Noticed Maggie
  5187 | D:6      | HP: 3/70 [Maggie/+1 long sword of flaming (1)]
  5188 | D:6      | Slain by Maggie

Illustrated notes

Levels and vault maps discovered:
D:1:      tarquinn_simple_flora_water_b, layout_loops_ring
D:2:      layout_loops_corners
D:3:      layout_loops_corners, gup_sewer_entry_pipe,
          chequers_ecumenical_altar_simple
D:4:      layout_cave_pools, lightli_temple_of_fire,
          minmay_temple_entry_junction, minmay_vboxes, uniq_crazy_yiuf_cottage
D:5:      layout_loops_ring, mainiacjoe_overflow_brackets,
          grunt_temple_overflow_open, minmay_misc_feat_alley,
          roderic_malta_cross, dreamdust_princess_corridor,
          minmay_joined_circles, uniq_grinder, uniq_prince_ribbit1
D:6:      layout_basic, grunt_temple_overflow_growth_and_decay, uniq_duvessa,
          uniq_sigmund, uniq_eustachio, uniq_maggie
Temple:   compressed_dpeg_triangle_lava_temple

Skill      XL: |  1  2  3  4  5  6  7  8  9 |
---------------+----------------------------+-----
Unarmed Combat | 4 5 6 7 8 10 11 | 11.5
Armour         | 2 3 5 6 |  6.0
Fighting       | |  3.2
Dodging        | |  2.6

Action                     |  1- 3 |  4- 6 |  7- 9 || total
---------------------------+-------+-------+-------++-------
  Melee: Unarmed           |    64 |   175 |   185 ||   424
Ability: Lunge             |       |     4 |    10 ||    14
         Whirlwind         |       |       |     2 ||     2
 Armour: Robe              |    12 |       |       ||    12
         Ring mail         |    32 |   103 |    65 ||   200
         Chain mail        |       |       |    13 ||    13
  Dodge: Dodged            |    42 |    79 |    65 ||   186
